 Dungeon Crawl Stone Soup version 0.31.0-12-g77e489cdc1 (webtiles) character file.

Game seed: 5970073613013824885

6315 firemarshallily the Thaumaturge (level 10, -6/68 (79) HPs)
             Began as a Demonspawn Alchemist on Mar 4, 2024.
             Was a Follower of Sif Muna.
             Killed from afar by a laughing skull (22 damage)
             ... with a bolt of negative energy
             ... on level 10 of the Dungeon.
             The game lasted 00:35:49 (11349 turns).

firemarshallily the Thaumaturge (DsAl)             Turns: 11349, Time: 00:35:50

HP:   -6/68 (79)    AC:  9    Str: 14    XL:     10   Next: 64%
MP:   23/23         EV: 13    Int: 21    God:    Sif Muna [*.....]
Gold: 759           SH:  0    Dex: 15    Spells: 17/28 levels left

rFire   + + .        s - +4 trident of Dulea {freeze, Str+6}
rCold   x . .        (no shield)
rNeg    . . .        x - +0 steam dragon scales
rPois   .            (no helmet)
rElec   .            w - +2 cloak {Stlth+}
rCorr   .            (no gloves)
SInv    .            F - +0 pair of boots {Fly}
Will    .....        k - amulet of the acrobat
Stlth   ++++         u - ring of protection from fire
HPRegen 0.31/turn    r - ring of fire
MPRegen 0.36/turn

%: acrobat
@: mighty, flying, heavily drained
A: thin skeletal structure 1, foul stench 2, magic regeneration, demonic touch 2
a: Renounce Religion, Channel Magic


You were on level 10 of the Dungeon.
You worshipped Sif Muna.
Sif Muna was aware of your devotion.
You visited 2 branches of the dungeon, and saw 11 of its levels.
You also visited: Sewer and Bailey.

You collected 759 gold pieces.

Inventory:

Hand Weapons
 c - a +3 dagger of venom
 s - the +4 trident of Dulea (weapon) {freeze, Str+6}
   (You found it on level 4 of the Dungeon)

   Str+6:     It affects your strength (+6).
Missiles
 i - 6 curare-tipped darts
 l - 30 poisoned darts
 p - 3 boomerangs
Armour
 w - a +2 cloak of stealth (worn)
 x - +0 steam dragon scales (worn)
 E - a +0 leather armour of cold resistance
 F - a +0 pair of boots of flying (worn)
 G - the +2 scale mail of the Jolly Hells {Str+4}
   (You found it in a bailey)

   Str+4:     It affects your strength (+4).
 I - a +1 pair of boots of rampaging
Jewellery
 k - an amulet of the acrobat (around neck)
 r - a ring of fire (right hand)
 u - a ring of protection from fire (left hand)
 A - an amulet of faith
Scrolls
 d - 4 scrolls of amnesia
 f - 2 scrolls of revelation
 j - 2 scrolls of vulnerability
 m - 2 scrolls of enchant weapon
 n - 3 scrolls of teleportation
 v - 3 scrolls of poison
 z - 2 scrolls of fear
 B - 2 scrolls of summoning
 C - a scroll of brand weapon
 D - a scroll of immolation
Potions
 a - a potion of enlightenment {unknown}
 b - 2 potions of magic
 e - a potion of heal wounds
 h - a potion of ambrosia {unknown}
 o - 3 potions of mutation
 q - 4 potions of curing {unknown}
 t - a potion of haste {unknown}
 H - a potion of invisibility {unknown}


   Skills:
 + Level 7.1 Fighting
 + Level 2.9 Dodging
 - Level 1.7 Stealth
 * Level 9.7 Spellcasting
 - Level 6.7 Conjurations
 + Level 7.8 Alchemy


You had 17 spell levels left.
You knew the following spells:

 Your Spells              Type           Power      Damage    Failure   Level
a - Sting                 Conj/Alch      100%       1d9       1%          1
b - Mercury Vapours       Alch/Air       52%        N/A       1%          2
c - Summon Small Mammal   Summ           40%        N/A       7%          1
d - Olgreb's Toxic Radia  Alch           43%        N/A       2%          4
e - Mephitic Cloud        Conj/Alch/Air  30%        N/A       2%          3

Your spell library contained the following spells:

 Spells                   Type           Power      Damage    Failure   Level
 Hailstorm                Conj/Ice       24%        3d7       4%          3
 Apportation              Tloc           20%        N/A       7%          1
 Freeze                   Ice            40%        1d6       7%          1
 Necrotise                Necr           40%        1d6       7%          1
 Sticky Flame             Fire/Alch      40%        2d8       13%         4
 Frozen Ramparts          Ice            20%        1d4       21%         3


Dungeon Overview and Level Annotations

Branches:
Dungeon (10/15)            Temple (1/1) D:4            Lair (0/5) D:10
    Orc (0/2) D:10          Sewer (visited)          Bailey (visited)

Altars:
Ashenzari
Cheibriados
Dithmenos
Fedhas
Gozag
Hepliaklqana
Kikubaaqudgha
Makhleb
Nemelex Xobeh
Okawaru
Qazlal
Ru
Sif Muna
Trog
Uskayaw
Vehumet
Wu Jian
Xom
Yredelemnul

Shops:
D:2 [   D:9 =

Annotations:
D:8 3 runed translucent doors, Waters's ghost, novice OpSu
D:10 exclusion: cyclops


Innate Abilities, Weirdness & Mutations

You have a somewhat thin skeletal structure. (Dex +2, Stealth+)
You sometimes emit foul miasma when damaged in melee.
You regenerate magic rapidly.
Your touch may inflict irresistible damage on your foes.


Message History

The laughing skull gibbers with scorn.
The bolt of negative energy misses you. The laughing skull misses you.
You feel much better. The laughing skull barely misses you.
The laughing skull gibbers with scorn.
The bolt of negative energy hits the laughing skull.
The laughing skull completely resists.
The bolt of negative energy hits you!!
You feel drained. The laughing skull headbutts you.
* * * LOW HITPOINT WARNING * * *
You emit a cloud of foul miasma!
You hit the laughing skull. You freeze the laughing skull.
The laughing skull is almost destroyed.
The laughing skull headbutts you but does no damage.
The laughing skull headbutts you!
* * * LOW HITPOINT WARNING * * *
You feel much better. The laughing skull headbutts you!
You hit the laughing skull but do no damage.
The laughing skull is almost destroyed.
The laughing skull gibbers with scorn.
The bolt of negative energy misses you.
The laughing skull lets out a vicious peal of laugher.
The bolt of negative energy misses you.
It was a potion of might.
You feel very mighty all of a sudden. The laughing skull barely misses you.
The laughing skull misses you.
You closely miss the laughing skull.
The laughing skull is almost destroyed.
The laughing skull cackles spitefully.
The bolt of negative energy misses the laughing skull.
The bolt of negative energy misses you. The laughing skull barely misses you.
You closely miss the laughing skull.
The laughing skull is severely damaged.
The laughing skull headbutts you but does no damage.
The laughing skull headbutts you!
* * * LOW HITPOINT WARNING * * *
The laughing skull cackles spitefully.
The bolt of negative energy hits the laughing skull.
The laughing skull completely resists.
The bolt of negative energy hits you!!
You feel drained.
You die...
The laughing skull crumbles to pieces from sheer joy.

,****** #.# #.#.####.#
,,,,,,* #.# *,#..# #.#
*****,* #.# **##'###.#
*,**** #.# #,#.#.#.#
**,,,,* #.####.#.8.#.#
**,,,,,#####....#.#.#.#.#
*,,****#........#.8.#.###
****,,,#######.##.#.#.#
**,,,,,** #@##.#.8z#
*,,,,,,,* #z##.#.#.#
*,,,∩,,,* ###z##.8.#.#
*,,,,,,,* #....#.#∩#,#
**,,,,,** #.##.#.#8#,*
**,,,****#.#*......,*
*+++**,,..#*#######*
*,,,,,,#### ********


You could see 2 laughing skulls.

Vanquished Creatures
  An orc knight (Bailey)
  A deep elf pyromancer (Bailey)
  Maggie (D:8)
  Joseph (D:7)
  3 yaks
  3 steam dragons
  2 acid dragons
  2 water moccasins
  7 orc warriors
  A black bear (D:6)
  A crocodile (Sewer)
  An ogre (D:6)
  3 centaurs
  2 phantoms
  4 kobold brigands
  A brain worm (Sewer)
  7 scorpions
  2 bullfrogs
  8 wights
  A howler monkey (D:4)
  A bombardier beetle (D:5)
  7 hounds
  A jelly (D:5)
  2 orc priests (D:9)
  A gnoll bouda (D:7)
  Crazy Yiuf (D:5)
  4 sleepcaps
  2 iguanas
  5 orc wizards
  4 gnolls (D:7)
  11 adders
  2 river rats (Sewer)
  A shadow imp (D:6)
  A white imp (D:7)
  2 ufetubi (D:7)
  2 ribbon worms (D:3)
  4 dart slugs
  29 orcs
  4 bats
  An endoplasm (D:1)
  3 giant cockroaches
  9 goblins
  5 hobgoblins
  16 jackals
  21 kobolds
  A quokka (D:4)
  9 ball pythons
  5 frilled lizards
  11 rats
217 creatures vanquished.

Vanquished Creatures (collateral kills)
  An endoplasm (D:2)
  2 goblins
  A frilled lizard (D:3)
4 creatures vanquished.

Grand Total: 221 creatures vanquished

Notes
Turn   | Place    | Note
-------+----------+-------------------------------------------
     0 | D:1      | firemarshallily the Demonspawn Alchemist began the quest
                  | for the Orb.
     0 | D:1      | Reached XP level 1. HP: 13/13 MP: 3/3
   164 | D:1      | Gained mutation: You regenerate magic rapidly. [demonic
                  | ancestry]
   164 | D:1      | Reached XP level 2. HP: 19/20 MP: 1/5
   204 | D:1      | Found a faded altar of an unknown god.
   693 | D:1      | Learned a level 2 spell: Mercury Vapours
   839 | D:1      | Reached XP level 3. HP: 22/25 MP: 1/6
   842 | D:1      | Reached skill level 1 in Fighting
  1248 | D:2      | Found a bloodstained altar of Trog.
  1296 | D:2      | Learned a level 1 spell: Summon Small Mammal
  1486 | D:2      | Found Hirir's Armour Emporium.
  1886 | D:2      | Reached skill level 3 in Spellcasting
  1886 | D:2      | Gained mutation: You have a somewhat thin skeletal
                  | structure. (Dex +2, Stealth+) [demonic ancestry]
  1886 | D:2      | Reached XP level 4. HP: 32/32 MP: 0/8
  2107 | D:3      | Found a glowing drain.
  2184 | Sewer    | Entered a sewer
  2334 | Sewer    | Noticed a kobold brigand
  2352 | Sewer    | Killed a kobold brigand
  2353 | Sewer    | Gained mutation: Your touch may inflict minor irresistible
                  | damage on your foes. [demonic ancestry]
  2353 | Sewer    | Reached XP level 5. HP: 11/38 MP: 6/10
  2651 | Sewer    | Noticed a crocodile
  2665 | Sewer    | Killed a crocodile
  2666 | Sewer    | Reached skill level 4 in Spellcasting
  2666 | Sewer    | Gained mutation: You may rarely emit foul miasma when
                  | damaged in melee. [demonic ancestry]
  2666 | Sewer    | Reached XP level 6. HP: 27/46 MP: 3/12
  3366 | D:3      | Learned a level 4 spell: Olgreb's Toxic Radiance
  3370 | D:3      | Learned a level 3 spell: Mephitic Cloud
  4018 | D:4      | Gained mutation: Your touch may inflict irresistible damage
                  | on your foes. [demonic ancestry]
  4018 | D:4      | Reached XP level 7. HP: 38/52 MP: 12/14
  4156 | D:4      | Found a staircase to the Ecumenical Temple.
  4187 | Temple   | Entered the Ecumenical Temple
  4345 | D:4      | Reached skill level 5 in Spellcasting
  4391 | D:4      | Identified the +4 trident of Dulea {freeze, Str+6}
  4905 | D:5      | Entered Level 5 of the Dungeon
  4927 | D:5      | Reached skill level 5 in Alchemy
  4978 | D:5      | Reached XP level 8. HP: 56/60 MP: 13/16
  5137 | D:5      | Reached skill level 6 in Spellcasting
  5328 | D:5      | Found a runed translucent door.
  5329 | D:5      | Noticed Crazy Yiuf
  5341 | D:5      | Killed Crazy Yiuf
  6336 | D:6      | Found a stormy altar of Qazlal.
  6466 | D:6      | Reached skill level 5 in Conjurations
  6650 | D:6      | Reached skill level 7 in Spellcasting
  6666 | D:6      | Reached skill level 5 in Fighting
  6673 | D:6      | Reached XP level 9. HP: 51/68 MP: 19/19
  6993 | D:7      | Found a burning altar of Makhleb.
  7031 | D:7      | Noticed Joseph
  7209 | D:7      | Killed Joseph
  7210 | D:7      | Reached skill level 8 in Spellcasting
  8139 | D:7      | Found a shimmering blue altar of Sif Muna.
  8139 | D:7      | Found an opulent altar of Gozag.
  8192 | D:7      | Became a worshipper of Sif Muna the Loreminder
  8677 | D:8      | Found a runed translucent gate.
  8678 | D:8      | Found a runed translucent gate.
  8679 | D:8      | Found a runed translucent gate.
  8679 | D:8      | Noticed a two-headed ogre
  8681 | D:8      | Noticed Waters's ghost (novice OpSu)
  8684 | D:8      | Noticed a kobold demonologist
  8768 | D:8      | Noticed Maggie
  8781 | D:8      | Killed Maggie
  8782 | D:8      | Gained mutation: You sometimes emit foul miasma when
                  | damaged in melee. [demonic ancestry]
  8782 | D:8      | Reached XP level 10. HP: 77/77 MP: 2/22
  9355 | D:9      | Reached skill level 9 in Spellcasting
  9572 | D:9      | Found a broken altar of Ashenzari.
  9584 | D:9      | Found a snail-covered altar of Cheibriados.
  9961 | D:9      | Reached * piety under Sif Muna
  9976 | D:9      | Found Tuod's Jewellery Shoppe.
 10128 | D:9      | Found an iron altar of Okawaru.
 10130 | D:9      | Found a shadowy altar of Dithmenos.
 10278 | D:10     | Entered Level 10 of the Dungeon
 10343 | D:10     | Noticed a cyclops
 10416 | D:10     | Found a flagged portal.
 10425 | Bailey   | Entered a bailey
 10908 | Bailey   | Found a large runed translucent door.
 10908 | Bailey   | Found a large runed translucent door.
 10909 | Bailey   | Noticed a deep elf pyromancer
 10923 | Bailey   | Noticed an orc knight
 10994 | Bailey   | Killed an orc knight
 11185 | Bailey   | Killed a deep elf pyromancer
 11203 | Bailey   | Identified the +2 scale mail of the Jolly Hells {Str+4}
 11349 | D:10     | Killed from afar by a laughing skull

Illustrated notes

Levels and vault maps discovered:
D:1:      dpeg_arrival_erosion, layout_basic, nicolae_ecumenical_lake_church
D:2:      layout_basic, basic_altar, serial_shops, nicolae_shop_window_shopping,
          minmay_hexomino_p4
D:3:      layout_loops_ring, portal_sewer_entry_b
D:4:      layout_basic, minmay_temple_entry_waves
D:5:      layout_cave_pools, uniq_crazy_yiuf_cottage
D:6:      layout_loops_corners, lemuel_round_altar, chequers_hall_statues_wall_a
D:7:      layout_cave_pods, gammafunk_temple_overflow_statue,
          makhleb_heckhound_becter, uniq_joseph
D:8:      layout_basic, gammafunk_ghost_split, nicolae_underground_beach,
          uniq_maggie
D:9:      layout_loops_ring, amethyst_overflow_temple_binary,
          grunt_temple_overflow_open, serial_shops, shop, skrybe_limestone_x
D:10:     minmay_clustersquares, layout_loops_ring, david_orc_3, enter_bailey_8,
          kennysheep_windowed_goal
Temple:   dshaligram_water_room_temple

Skill      XL: |  1  2  3  4  5  6  7  8  9 10 |
---------------+-------------------------------+-----
Fighting       | 1 2 3 5 6 7 |  7.1
Spellcasting   | 3 4 5 7 8 9 |  9.7
Conjurations   | 2 3 4 5 6 |  6.7
Alchemy        | 4 5 6 7 |  7.8
Dodging        | 2 |  2.9
Stealth        | |  1.7

Action                     |  1- 3 |  4- 6 |  7- 9 | 10-12 || total
---------------------------+-------+-------+-------+-------++-------
  Melee: Dagger            |    41 |   105 |    20 |       ||   166
         Punch             |     2 |       |     3 |       ||     5
         Touch             |       |    20 |    32 |     4 ||    56
         Trident           |       |       |   147 |    66 ||   213
  Throw: Dart              |       |       |     1 |       ||     1
   Cast: Sting             |    71 |    49 |   100 |    33 ||   253
         Mercury Vapours   |     2 |     1 |     3 |     1 ||     7
         Summon Small Mamm |     4 |    17 |    31 |     2 ||    54
         Mephitic Cloud    |       |     1 |    14 |     7 ||    22
         Olgreb's Toxic Ra |       |       |    16 |    23 ||    39
    Use: Scroll            |     4 |     3 |     5 |     6 ||    18
         Potion            |       |     2 |       |     4 ||     6
   Stab: Sleeping          |       |     1 |     1 |     1 ||     3
         Distracted        |       |     1 |       |       ||     1
         Confused          |       |       |     3 |     1 ||     4
 Armour: Robe              |    22 |    53 |    84 |       ||   159
         Steam dragon scal |       |       |    23 |    80 ||   103
  Dodge: Dodged            |    26 |    65 |   130 |    58 ||   279
